 Dungeon Crawl Stone Soup version 0.29-a0-284-gf9362112df (webtiles) character file.

Game seed: 12459890476317998686

617 spaghetti the Agent of Entropy (level 7, -8/46 HPs)
             Began as a Demonspawn Earth Elementalist on Mar 20, 2022.
             Was a Priest of Lugonu.
             Mangled by a wraith (13 damage)
             ... on level 5 of the Dungeon.
             The game lasted 00:08:04 (4537 turns).

spaghetti the Agent of Entropy (DsEE)               Turns: 4537, Time: 00:08:04

Health: -8/46      AC:  3    Str: 11    XL:     7   Next: 21%
Magic:  3/10       EV: 13    Int: 18    God:    Lugonu [***...]
Gold:   183        SH:  3    Dex: 15    Spells: 5/10 levels left

rFire   . . .      SeeInvis .   z - +10 hand axe of Ru's Castigation {vorpal, Contam rC+++ Will+++, axe}
rCold   + + +      Faith    .   o - +0 buckler
rNeg    . . .      Spirit   .   b - +0 robe
rPois   .          Reflect  .   (helmet restricted)
rElec   .          Harm     .   (no cloak)
rCorr   .          Rampage  .   m - +0 pair of gloves
Will    +++..                   (no boots)
Stlth   +++.......              s - amulet of regeneration {@e2}
HPRegen 0.95/turn               (no ring)
MPRegen 0.12/turn               (no ring)

@: hasted and slowed
A: antennae 2, ignite blood 1, clever 1, mutation resistance 1, strong 1, noise
suppression
a: Renounce Religion, Depart the Abyss, Bend Space, Banish


You were on level 5 of the Dungeon.
You worshipped Lugonu.
Lugonu was most pleased with you.
You visited 1 branch of the dungeon, and saw 5 of its levels.

You collected 183 gold pieces.


Innate Abilities, Weirdness & Mutations

You have a pair of antennae on your head.
Your demonic aura sometimes causes spilled blood to erupt in flames.
Your mind is acute. (Int +2)
You are somewhat resistant to further mutation.
Your muscles are strong. (Str +2)
You passively dampen the noise of your surroundings.


   Skills:
 * Level 3.0 Axes
 + Level 3.8 Dodging
 - Level 4.4 Stealth
 - Level 2.0 Spellcasting
 - Level 0.8 Transmutations
 - Level 2.6 Earth Magic
 + Level 4.9 Invocations


You had 5 spell levels left.
You knew the following spells:

 Your Spells              Type           Power      Damage    Failure   Level
a - Sandblast             Erth           22%        2d7       9%          1
b - Passwall              Tmut/Erth      6%         N/A       19%         2
c - Blink                 Tloc           2%         N/A       36%         2

Your spell library contained the following spells:

 Spells                   Type           Power      Damage    Failure   Level
 Stone Arrow              Conj/Erth      12%        3d7       38%         3
 Lesser Beckoning         Tloc           1%         N/A       58%         3
 Petrify                  Tmut/Erth      8%         N/A       75%         4
 Manifold Assault         Tloc           1%         N/A       100%        5

Inventory:

Hand Weapons
 h - a +0 dagger {short}
   (You took it off a kobold on level 1 of the Dungeon)
 i - a +1 short sword of electrocution {short}
   (You found it on level 1 of the Dungeon)
 r - the +7 spear of Radicalism {flame, +Blink Dex+4, polearm}
   (You found it on level 3 of the Dungeon)

   It burns those it strikes, dealing additional fire damage.
   Dex:       It affects your dexterity (+4).
   +Blink:    It lets you blink.
 z - the +10 hand axe of Ru's Castigation (weapon) {vorpal, Contam rC+++ Will+++, axe}
   (You found it on level 4 of the Dungeon)

   It inflicts extra damage upon your enemies.
   rC:        It renders you almost immune to cold.
   Contam:    It causes magical contamination when unequipped.
   Will:      It greatly increases your willpower.
Missiles
 a - 120 stones (quivered) {throwing}
 l - 2 poisoned darts {throwing}
 n - 3 silver boomerangs {throwing}
 v - 3 javelins {throwing}
Armour
 b - a +0 robe (worn)
 m - a +0 pair of gloves (worn)
   (You found it on level 2 of the Dungeon)
 o - a +0 buckler (worn)
   (You found it on level 2 of the Dungeon)
Jewellery
 k - a ring of fire
   (You found it on level 1 of the Dungeon)
 s - an amulet of regeneration (around neck) {@e2}
   (You found it on level 3 of the Dungeon)
Wands
 p - a wand of acid (6)
   (You found it on level 5 of the Dungeon)
Scrolls
 d - a scroll of brand weapon {unknown}
 e - 3 scrolls of teleportation {@r4}
 f - 2 scrolls of fear {unknown}
 g - 3 scrolls of fog
 q - 2 scrolls of amnesia
 x - a scroll of immolation {unknown}
 y - a scroll of magic mapping {unknown}
 A - a scroll of holy word {unknown}
Potions
 c - a potion of magic

Dungeon Overview and Level Annotations

Branches:
Dungeon (5/15)
 Temple: D:4-7

Altars:
Lugonu

..... ..## ..... ....##
..... ......### .....
......... ..... #.......#
.#.## #.......### .#.#
......$...### ...
.#.......°#...# ..# ..# ##.
#......@###.## #.# .# #..
#..[...W# #..## #.# .# #.#
#......(# ##..###.# .# #.#
#.......# ##..##.#
.#####.########.## ##.##.#
..........### #. #.##.#
............###.### #.##.#
#...........)##...#####....#
#..........#..###.#.....#..#


You could see a wraith.


Message History

a +0 trident {polearm}; a +0 leather armour; an orc corpse
p - a wand of acid (6)
You now have 183 gold pieces (gained 13).
f - 2 scrolls labelled HAT XADICKIS (gained 1)
A wraith comes into view.
The wraith closely misses you.
You closely miss the wraith. The wraith hits you! 😕 HP[-11]
You take 11 damage, and now have 35/46 hp.
MASSIVE DAMAGE!! (PAUSE)
You hit the wraith. The wraith hits you. The wraith drains your vigour!
You feel yourself slow down. 😮 HP[-3]
You take 3 damage, and now have 32/46 hp.
You hit the wraith. You block the wraith's attack.
The wraith barely misses you. 😮 HP[+2]
You regained 2 hp, and now have 34/46 hp.
You hit the wraith but do no damage.
You block the wraith's attack. x2 😕 HP[+2]
You regained 2 hp, and now have 36/46 hp.
You slash the wraith! The wraith hits you! The wraith drains your vigour!
You feel as though you will be slow longer.
The wraith hits you. The wraith drains your vigour!
You feel as though you will be slow longer. 😮 HP[-12]
You take 12 damage, and now have 24/46 hp.
MASSIVE DAMAGE!! (PAUSE)
You hit the wraith but do no damage. The wraith hits you.
* * * LOW HITPOINT WARNING * * *
The wraith drains your vigour!
You feel as though you will be slow longer.
You block the wraith's attack. 😨 HP[-4]
You take 4 damage, and now have 20/46 hp.
You hit the wraith but do no damage. The wraith misses you. 😨 HP[+2]
You regained 2 hp, and now have 22/46 hp.
You hit the wraith but do no damage. The wraith hits you!
* * * LOW HITPOINT WARNING * * *
The wraith closely misses you. 😨 HP[-7]
You take 7 damage, and now have 15/46 hp.
You slash the wraith! The wraith hits you.
* * * LOW HITPOINT WARNING * * *
The wraith drains your vigour!
You feel as though you will be slow longer.
The wraith hits you!
* * * LOW HITPOINT WARNING * * *
The wraith drains your vigour!
You feel as though you will be slow longer. 😱 HP[-10]
You take 10 damage, and now have 5/46 hp.
MASSIVE DAMAGE!! (PAUSE)
Press: ? - help, Shift-Dir - straight line, f - wraith
Aim: a wraith (severely damaged, chance to affect: 50%)
The wraith resists with significant effort.
The wraith misses you. The wraith hits you.
* * * LOW HITPOINT WARNING * * *
The wraith drains your vigour!
You feel as though you will be slow longer. 😱 HP[-2] MP[-4]
You take 2 damage, and now have 3/46 hp.
You lost 4 mp, and now have 6/10 mp.
Press: ? - help, Shift-Dir - straight line, f/p - wraith
Aim: a wraith (severely damaged, chance to affect: 50%)
You fail to use your ability.
The wraith hits you.
* * * LOW HITPOINT WARNING * * *
😱 HP[-2]
You take 2 damage, and now have 1/46 hp.
Okay, then.
Okay, then.
Press: ? - help, Shift-Dir - straight line, f/p - wraith
Aim: a wraith (severely damaged, chance to affect: 50%)
The wraith resists with significant effort.
The wraith barely misses you.
The wraith closely misses you. 😱 HP[+2] MP[-4]
You regained 2 hp, and now have 3/46 hp.
You lost 4 mp, and now have 2/10 mp.
Unknown command.
You don't have enough magic at the moment.
Okay, then.
Okay, then.
It was a potion of heal wounds.
You feel much better. The wraith hits you!
* * * LOW HITPOINT WARNING * * *
😨 HP[+10]
You regained 10 hp, and now have 13/46 hp.
It was a potion of mutation.
You feel extremely strange.
You feel your surroundings grow quieter.
You feel stronger.
You feel clever.
You feel genetically stable. The wraith barely misses you. The wraith hits you!
* * * LOW HITPOINT WARNING * * *
The wraith drains your vigour!
You feel as though you will be slow longer. 😱 HP[-10]
You take 10 damage, and now have 3/46 hp.
MASSIVE DAMAGE!! (PAUSE) It was a potion of haste.
You feel yourself speed up. The wraith hits you!
You die...

Skill      XL: |  1  2  3  4  5  6  7 |
---------------+----------------------+-----
Stealth        | 2 3 4 |  4.4
Invocations    | 1 2 3 4 |  4.9
Dodging        | 2 3 |  3.8
Axes           | 1 2 3 |  3.0
Spellcasting   | |  2.0
Transmutations | |  0.8
Earth Magic    | |  2.6

Action                   |  1- 3 |  4- 6 |  7- 9 || total
-------------------------+-------+-------+-------++-------
Melee: Short sword       |   119 |    60 |       ||   179
       Unarmed           |     1 |       |       ||     1
       Hand axe          |       |    54 |    22 ||    76
Throw: Stone             |    42 |    70 |       ||   112
 Cast: Sandblast         |    10 |       |       ||    10
Invok: Banish            |       |     2 |     2 ||     4
  Use: Potion            |     3 |     4 |     3 ||    10
       Scroll            |     1 |     2 |       ||     3
 Stab: Sleeping          |       |     1 |     1 ||     2
       Invisible         |       |     1 |       ||     1
Armor: Robe              |    34 |    18 |     1 ||    53
Dodge: Dodged            |    83 |    94 |    16 ||   193
Block: Buckler           |    12 |    13 |     5 ||    30

Levels and vault maps discovered:
D:1:      grunt_arrival_crossed_arrows, layout_rooms, basic_ecumenical_altar,
          st_stairs_2
D:2:      wad_woods_pond, layout_basic
D:3:      layout_basic
D:4:      layout_basic
D:5:      layout_rooms

Notes
Turn   | Place    | Note
-------+----------+-------------------------------------------
     0 | D:1      | spaghetti the Demonspawn Earth Elementalist began the quest
                  | for the Orb.
     0 | D:1      | Reached XP level 1. HP: 13/13 MP: 3/3
     0 | D:1      | magus.rc [v1.9.6]
    80 | D:1      | Reached skill level 2 in Stealth
   204 | D:1      | You pick up a book of Spatial Translocations and begin
                  | reading...
   204 | D:1      | You add the spells Blink, Lesser Beckoning and Manifold
                  | Assault to your library.
   211 | D:1      | Gained mutation: You have a pair of small antennae on your
                  | head. [demonic ancestry]
   211 | D:1      | Reached XP level 2. HP: 19/19 MP: 5/5
   316 | D:1      | Found a faded altar of an unknown god.
   400 | D:1      | Prayed at the altar of an unknown god.
   400 | D:1      | Became a worshipper of Lugonu the Unformed
   400 | D:1      | Reached * piety under Lugonu
   400 | D:1      | Reached ** piety under Lugonu
   424 | D:1      | Reached skill level 3 in Stealth
   833 | D:2      | Learned a level 2 spell: Passwall
   836 | D:2      | Learned a level 2 spell: Blink
   944 | D:2      | Reached skill level 1 in Invocations
   955 | D:2      | Gained mutation: Your demonic aura sometimes causes spilled
                  | blood to erupt in flames. [demonic ancestry]
   955 | D:2      | Reached XP level 3. HP: 18/24 MP: 6/6
  1172 | D:2      | HP: 5/24 [goblin/+0 club (2)]
  1173 | D:2      | HP: 2/24 [goblin/+0 club (2)]
  1344 | D:2      | HP: 5/24 [hobgoblin (4)]
  1735 | D:2      | Reached skill level 2 in Dodging
  1750 | D:2      | HP: 5/24 [kobold/+0 short sword (2)]
  2554 | D:3      | Reached *** piety under Lugonu
  2699 | D:3      | Reached skill level 2 in Invocations
  2818 | D:3      | Gained mutation: You have a pair of antennae on your head.
                  | [demonic ancestry]
  2818 | D:3      | Reached XP level 4. HP: 26/30 MP: 7/7
  2865 | D:3      | Identified the +7 spear of Radicalism {flame, +Blink Dex+4}
  3495 | D:4      | Reached skill level 4 in Stealth
  3495 | D:4      | Reached skill level 3 in Invocations
  3495 | D:4      | Reached XP level 5. HP: 21/35 MP: 8/8
  3529 | D:4      | Reached skill level 3 in Dodging
  3532 | D:4      | Identified the +10 hand axe of Ru's Castigation {vorpal,
                  | Contam rC+++ Will+++}
  3631 | D:4      | Reached skill level 1 in Axes
  3631 | D:4      | Reached XP level 6. HP: 41/41 MP: 9/9
  3684 | D:4      | HP: 8/41 [gnoll shaman/+0 rapier (11)]
  3691 | D:4      | Reached skill level 4 in Invocations
  4177 | D:4      | Reached skill level 2 in Axes
  4235 | D:5      | Entered Level 5 of the Dungeon
  4237 | D:5      | Noticed a sky beast
  4251 | D:5      | Killed a sky beast
  4309 | D:5      | Reached XP level 7. HP: 36/46 MP: 10/10
  4364 | D:5      | Reached skill level 3 in Axes
  4520 | D:5      | Noticed a wraith
  4531 | D:5      | HP: 5/46 [wraith (11)]
  4533 | D:5      | HP: 1/46 [wraith (3)]
  4536 | D:5      | Gained mutation: You passively dampen the noise of your
                  | surroundings. [potion of mutation]
  4536 | D:5      | Gained mutation: Your muscles are strong. (Str +2) [potion
                  | of mutation]
  4536 | D:5      | Gained mutation: Your mind is acute. (Int +2) [potion of
                  | mutation]
  4536 | D:5      | Gained mutation: You are somewhat resistant to further
                  | mutation. [potion of mutation]
  4537 | D:5      | Mangled by a wraith

Vanquished Creatures
  A sky beast (D:5)
  2 scorpions
  A howler monkey (D:4)
  A hound (D:4)
  2 jellies
  An orc priest (D:4)
  An orc wizard (D:4)
  5 adders
  5 gnolls (D:4)
  2 worms
  4 dart slugs
  12 orcs
  A bat (D:1)
  8 endoplasms
  3 giant cockroaches
  3 goblins
  5 hobgoblins
  3 jackals (D:2)
  A quokka (D:4)
  9 ball pythons
  2 frilled lizards
  6 kobolds
  4 rats
82 creatures vanquished.

Vanquished Creatures (others)
  51 plants (D:2)
51 creatures vanquished.

Grand Total: 133 creatures vanquished

Table legend:
 A = Non-vault XP
 B = Vault XP
 C = Vault XP percentage of total XP
 D = Non-vault monster count
 E = Vault monster count
 F = Vault count percentage of total count
                 A         B        C        D         E       F
            +---------+---------+-------+---------+---------+-------
      Total |     878 |       4 |   0.5 |      81 |       2 |   2.4
            +---------+---------+-------+---------+---------+-------
        D:1 |      31 |       2 |   6.1 |      16 |       1 |   5.9
        D:2 |      41 |       2 |   4.7 |      16 |       1 |   5.9
        D:3 |      39 |       0 |   0.0 |      11 |       0 |   0.0
        D:4 |     480 |       0 |   0.0 |      31 |       0 |   0.0
        D:5 |     287 |       0 |   0.0 |       7 |       0 |   0.0
            +---------+---------+-------+---------+---------+-------

Illustrated notes

Table legend:
 A = Kills in this place as a percentage of kills in entire the game.
 B = Kills by you in this place as a percentage of kills by you in the entire game.
 C = Kills by friends in this place as a percentage of kills by friends in the entire game.
 D = Other kills in this place as a percentage of other kills in the entire game.
 E = Experience gained in this place as a percentage of experience gained in the entire game.
 F = Experience gained in this place divided by the number of levels of this place that you have seen.
                   A       B       C       D       E      F
               +-------+-------+-------+-------+-------+----------------------
         Total | 100.0 | 100.0 |   N/A | 100.0 | 100.0 | 176.4
       Dungeon | 100.0 | 100.0 |   N/A | 100.0 | 100.0 | 176.4
               +-------+-------+-------+-------+-------+----------------------

Table legend: (Time is in decaauts)
 A = Elapsed time spent in this place.
 B = Non-inter-level travel time spent in this place.
 C = Inter-level travel time spent in this place.
 D = Time resting spent in this place.
 E = Time spent auto-exploring this place.
 F = Levels seen in this place.
 G = Mean time per level.
                   A        B        C        D        E       F      G
               +--------+--------+--------+--------+--------+-----+--------+
         Total |   4616 |   4445 |    171 |   1032 |   2531 |   5 |  923.2 |
       Dungeon |   4616 |   4445 |    171 |   1032 |   2531 |   5 |  923.2 |
               +--------+--------+--------+--------+--------+-----+--------+

Top non-repeatable levels by time:
     D:2: 1919 daAuts
     D:4: 957 daAuts
     D:3: 770 daAuts
     D:1: 652 daAuts
     D:5: 316 daAuts
